 Dungeon Crawl Stone Soup version 0.27.1 (webtiles) character file.

Game seed: 15381046791499877239

263 Destapler the Distorting Demonspawn (level 5, 0/42 HPs)
             Began as a Demonspawn Abyssal Knight on Aug 28, 2021.
             Was a Believer of Lugonu.
             Succumbed to a scorpion's poison
             ... on level 4 of the Dungeon.
             The game lasted 00:07:38 (3191 turns).

Destapler the Distorting Demonspawn (DsAK)          Turns: 3191, Time: 00:07:38

Health: 0/42       AC: 13    Str: 19    XL:     5   Next: 98%
Magic:  3/7        EV:  3    Int: 13    God:    Lugonu [**....]
Gold:   142        SH: 19    Dex: 13    Spells: 4/4 levels left

rFire    . . .     SeeInvis .   a - +1 falchion
rCold    + . .     Faith    .   b - +0 tower shield
rNeg     . . .     Spirit   +   m - +3 chain mail {rC+}
rPois    .         Reflect  .   (helmet restricted)
rElec    .         Harm     .   (no cloak)
rCorr    .         Rampage  .   g - +0 pair of gloves
Will     .....                  (no boots)
Stlth    ..........             u - amulet of guardian spirit
HPRegen  0.14/turn              n - +6 ring of strength
MPRegen  0.10/turn              (no ring)

@: lethally poisoned (0 -> -1)
A: horns 1, large bone plates 2
a: Renounce Religion, Depart the Abyss, Bend Space


You were on level 4 of the Dungeon.
You worshipped Lugonu.
Lugonu was pleased with you.
You visited 1 branch of the dungeon, and saw 4 of its levels.
You visited the Abyss 1 time.

You collected 142 gold pieces.

Inventory:

Hand Weapons
 a - a +1 falchion (weapon)
Missiles
 l - 2 boomerangs
 o - 7 javelins
 q - 8 poisoned darts
Armour
 b - a +0 tower shield (worn)
 g - a +0 pair of gloves (worn)
 m - a +3 chain mail of cold resistance (worn)
Jewellery
 j - a +4 ring of protection
 n - a +6 ring of strength (left hand)
 u - an amulet of guardian spirit (around neck)
Wands
 c - a wand of flame (15)
Scrolls
 d - a scroll of noise {unknown}
 f - a scroll of identify
 h - 2 scrolls of teleportation
Miscellaneous
 e - a tin of tremorstones (2/2)


   Skills:
 + Level 3.8 Fighting
 + Level 2.8 Long Blades
 + Level 2.7 Armour
 + Level 2.2 Dodging
 * Level 2.0 Shields
 + Level 3.9 Invocations


You had 4 spell levels left.
You didn't know any spells.
Your spell library was empty.

Dungeon Overview and Level Annotations

Branches:
Dungeon (4/15)
 Temple: D:4-7

Altars:

Shops:
D:2 [


Innate Abilities, Weirdness & Mutations

You have a pair of small horns on your head.
You are mostly covered in large bone plates. (SH +6)


Message History

You block the scorpion's attack.
You hit the scorpion. Your headbutt misses the scorpion.
The scorpion is heavily wounded.
The scorpion stings you. You block the scorpion's attack.
You hit the scorpion.
The scorpion is severely wounded.
You block the scorpion's attack.
The scorpion stings you but does no damage.
You hit the scorpion but do no damage.
The scorpion is severely wounded.
You block the scorpion's attack. The scorpion stings you!
* * * LOW HITPOINT WARNING * * *
You are poisoned.
The scorpion poisons you!
You hit the scorpion but do no damage. Your headbutt misses the scorpion.
The scorpion is severely wounded.
* * * LOW HITPOINT WARNING * * *
You feel very sick. You block the scorpion's attack. The scorpion stings you.
* * * LOW HITPOINT WARNING * * *
You are too injured to fight recklessly!
You closely miss the scorpion. You headbutt the scorpion!
You kill the scorpion!
Lugonu accepts your kill.
* * * LOW HITPOINT WARNING * * *
You feel very sick.
Your Shields skill increases to level 2!
You aren't carrying any potions.
* * * LOW HITPOINT WARNING * * *
You feel sick.
Found a viscous ruby potion and 18 stones.
* * * LOW HITPOINT WARNING * * *
You feel sick.
Unknown command.
* * * LOW HITPOINT WARNING * * *
You feel sick.
* * * LOW HITPOINT WARNING * * *
You feel sick.
A bullfrog comes into view.
You die...

... F .. .. .. ... (##
.... ..# .....##!# #+#.
...........# .....
....... #@# .....
.....#.#.# ....
........## ..#
....####.## .. ..####
....# #..#######.# .....#
# ##.####.........#
.....##.
##.............###
...<....##....#######.###
.....####..##.# ##.#####


You could see a bullfrog (asleep).

Vanquished Creatures
  A scorpion (D:4)
  2 iguanas
  3 gnolls (D:3)
  5 adders
  3 dart slugs
  A worm (D:3)
  An orc (D:3)
  2 ball pythons
  9 endoplasms
  3 giant cockroaches
  10 goblins
  8 hobgoblins
  4 kobolds
  3 quokkas
  6 bats
  3 frilled lizards
  3 rats (D:3)
67 creatures vanquished.

Notes
Turn   | Place    | Note
-------+----------+-------------------------------------------
     0 | Abyss:1  | Destapler the Demonspawn Abyssal Knight began the quest for
                  | the Orb.
     0 | Abyss:1  | Reached XP level 1. HP: 18/18 MP: 2/2
    44 | Abyss:3  | Noticed a smoke demon
    51 | D:1      | Escaped the Abyss
   361 | D:1      | Reached skill level 1 in Dodging
   368 | D:1      | Reached * piety under Lugonu
   586 | D:1      | Gained mutation: You are partially covered in large bone
                  | plates. (SH +4) [demonic ancestry]
   586 | D:1      | Reached XP level 2. HP: 23/24 MP: 4/4
   694 | D:1      | Found a faded altar of an unknown god.
  1070 | D:1      | Gained mutation: You are mostly covered in large bone
                  | plates. (SH +6) [demonic ancestry]
  1070 | D:1      | Reached XP level 3. HP: 25/29 MP: 5/5
  1325 | D:2      | Found Adetat's Antique Armour Shoppe.
  1633 | D:2      | Reached ** piety under Lugonu
  1672 | D:2      | Reached XP level 4. HP: 35/35 MP: 6/6
  2457 | D:3      | Reached skill level 1 in Shields
  2650 | D:3      | Gained mutation: You have a pair of small horns on your
                  | head. [demonic ancestry]
  2650 | D:3      | Reached XP level 5. HP: 10/41 MP: 4/7
  3189 | D:4      | HP: 2/42 [poisoned by a scorpion]
  3191 | D:4      | Succumbed to a scorpion's poison

Illustrated notes

Levels and vault maps discovered:
D:1:      amcnicky_arrival_choice, layout_basic,
          shapermc_ecumenical_altar_acropolis, hangedman_decor_lopped,
          minmay_split_cup_large
D:2:      layout_rooms, serial_shops, nicolae_shop_stone
D:3:      layout_basic
D:4:      layout_rooms, trog_hazing_becter, riverfiend_overflow_shadow_ancestor,
          gup_sewer_entry_pipe, serial_shops, nicolae_shop_behind_doors,
          kennysheep_generic_room_12

Skill      XL: |  1  2  3  4  5 |
---------------+----------------+-----
Dodging        | 1 2 |  2.2
Long Blades    | 2 |  2.8
Armour         | 2 |  2.7
Invocations    | 3 |  3.9
Shields        | 1 2 |  2.0
Fighting       | |  3.8

Action                   |  1- 3 |  4- 6 || total
-------------------------+-------+-------++-------
Melee: Falchion          |   123 |   131 ||   254
       Headbutt          |       |     8 ||     8
Invok: Depart the Abyss  |     1 |       ||     1
  Use: Potion            |       |     5 ||     5
       Scroll            |       |     6 ||     6
Armor: Leather armour    |    21 |       ||    21
       Chain mail        |    47 |    48 ||    95
       Skin              |       |     3 ||     3
Dodge: Dodged            |    42 |     9 ||    51
Block: Other             |     3 |       ||     3
       Tower shield      |    89 |   153 ||   242
       Rpst.: Falchion   |    16 |       ||    16
